TOP OF THE 1ST |
Myrtle Beach Mermen batting - Pitching for Salem Misfits : RHP Fernando Villarreal
|
Pitching: RHP Fernando Villarreal
|
|
Batting: LHB Ramón Flores
|
0-0: Foul Ball, location: 2F 0-1: DOUBLE (Line Drive, 9LM)
|
Batting: RHB Carlos González
|
0-0: Ball 1-0: Ball 2-0: Foul Ball, location: 2F 2-1: Foul Ball, location: 2F 2-2: Ball 3-2: Hit by Pitch
|
Batting: RHB Éric Leroux
|
0-0: Called Strike 0-1: Ball 1-1: Ball 2-1: Ball 3-1: DOUBLE (Line Drive, 7LM) Ramón Flores scores Carlos González to third Runner from 3rd tries for Home, throw and OUT!
|
Batting: LHB Shigenobu Ohayashi
|
0-0: Ball 1-0: Ball 2-0: Ball 3-0: Called Strike 3-1: Base on Balls
|
Batting: RHB Scott Zijm
|
0-0: Called Strike 0-1: Ball 1-1: Ball Wild Pitch! Éric Leroux to third Shigenobu Ohayashi to second 2-1: Foul Ball, location: 2F 2-2: Foul Ball, location: 2F 2-2: DOUBLE (Line Drive, 3D) Éric Leroux scores Shigenobu Ohayashi scores
|
Batting: RHB John O'Neil
|
0-0: Ball 1-0: Ball 2-0: Swinging Strike 2-1: Ball Wild Pitch! Scott Zijm to third 3-1: Base on Balls
|
Batting: RHB Maik Palen
|
0-0: Grounds into double play, 1-6-3 (Groundball, P)
|
Top of the 1st over - 3 runs, 3 hits, 0 errors, 1 left on base; Myrtle Beach 3 - Salem 0 |
BOTTOM OF THE 1ST |
Salem Misfits batting - Pitching for Myrtle Beach Mermen : LHP Risto Hannila
|
Pitching: LHP Risto Hannila
|
|
Batting: LHB José Cuervo
|
0-0: Ball 1-0: Foul Ball, location: 2F 1-1: Swinging Strike 1-2: Strikes out swinging
|
Batting: RHB Robinson Barquero
|
0-0: Bunt for hit - play at first, batter OUT! 1-3
|
Batting: LHB Austin Hathaway
|
0-0: Ball 1-0: Ball 2-0: Swinging Strike 2-1: Swinging Strike 2-2: Strikes out looking
|
Bottom of the 1st over - 0 runs, 0 hits, 0 errors, 0 left on base; Myrtle Beach 3 - Salem 0 |
TOP OF THE 2ND |
Myrtle Beach Mermen batting - Pitching for Salem Misfits : RHP Fernando Villarreal
|
Batting: RHB Elijah Seymour
|
0-0: Ball 1-0: Swinging Strike 1-1: Foul Ball, location: 2F 1-2: Ball 2-2: Strikes out looking
|
Batting: RHB David Meléndez
|
0-0: Swinging Strike 0-1: Fly out, F9 (Flyball, 89D)
|
Batting: LHB Ramón Flores
|
0-0: Ball 1-0: SOLO HOME RUN (Line Drive, 89D), Distance : 404 ft
|
Batting: RHB Carlos González
|
0-0: Ball 1-0: Ball 2-0: Foul Ball, location: 2F 2-1: Ball 3-1: Base on Balls
|
Batting: RHB Éric Leroux
|
0-0: Foul Ball, location: 2F 0-1: Ball 1-1: Ball 2-1: Ball 3-1: Fielders Choice at 2nd, 6-4 (Groundball, 6)
|
Top of the 2nd over - 1 run, 1 hit, 0 errors, 1 left on base; Myrtle Beach 4 - Salem 0 |
BOTTOM OF THE 2ND |
Salem Misfits batting - Pitching for Myrtle Beach Mermen : LHP Risto Hannila
|
Batting: LHB Cris Gonzáles
|
0-0: Ball 1-0: Ball 2-0: Ball 3-0: Called Strike 3-1: Swinging Strike 3-2: Ground out 4-3 (Groundball, 4)
|
Batting: RHB Vicente Andros
|
0-0: Ball 1-0: Foul Ball, location: 2F 1-1: Called Strike 1-2: Strikes out swinging
|
Batting: RHB Paul O'Neill
|
0-0: Called Strike 0-1: Ball 1-1: DOUBLE (Popup, 56D)
|
Batting: LHB Rodrigo Gómez
|
0-0: Swinging Strike 0-1: Called Strike 0-2: Foul Ball, location: 2F 0-2: Foul Ball, location: 2F 0-2: Ground out 5-3 (Groundball, 5)
|
Bottom of the 2nd over - 0 runs, 1 hit, 0 errors, 1 left on base; Myrtle Beach 4 - Salem 0 |
TOP OF THE 3RD |
Myrtle Beach Mermen batting - Pitching for Salem Misfits : RHP Fernando Villarreal
|
Batting: LHB Shigenobu Ohayashi
|
0-0: Fly out, F8 (Flyball, 8RXD)
|
Batting: RHB Scott Zijm
|
0-0: Ball 1-0: Ball 2-0: Foul Ball, location: 2F 2-1: Ball 3-1: Base on Balls
|
Batting: RHB John O'Neil
|
0-0: Ball 1-0: Ball 2-0: Fly out, F7 (Flyball, 7D)
|
Batting: RHB Maik Palen
|
0-0: Ball 1-0: Foul Ball, location: 2F 1-1: Ball 2-1: Fly out, F7 (Flyball, 7S)
|
Top of the 3rd over - 0 runs, 0 hits, 0 errors, 1 left on base; Myrtle Beach 4 - Salem 0 |
BOTTOM OF THE 3RD |
Salem Misfits batting - Pitching for Myrtle Beach Mermen : LHP Risto Hannila
|
Batting: RHB Ryan Fiore
|
0-0: Ball 1-0: Ball 2-0: Ground out 1-3 (Groundball, 13)
|
Batting: LHB Tyler Knopp
|
0-0: Ball 1-0: Called Strike 1-1: Ball 2-1: Swinging Strike 2-2: Strikes out swinging
|
Batting: LHB José Cuervo
|
0-0: Called Strike 0-1: Called Strike 0-2: Ball 1-2: Ball 2-2: Strikes out swinging
|
Bottom of the 3rd over - 0 runs, 0 hits, 0 errors, 0 left on base; Myrtle Beach 4 - Salem 0 |
TOP OF THE 4TH |
Myrtle Beach Mermen batting - Pitching for Salem Misfits : RHP Fernando Villarreal
|
Batting: RHB Elijah Seymour
|
0-0: Called Strike 0-1: Ball 1-1: Fly out, F2 (Popup, 23F)
|
Batting: RHB David Meléndez
|
0-0: Called Strike 0-1: SINGLE (Groundball, 56S) (infield hit)
|
Batting: LHB Ramón Flores
|
0-0: Ball 1-0: Fielders Choice at 2nd, 6-4 (Groundball, 6)
|
Batting: RHB Carlos González
|
0-0: Called Strike 0-1: Called Strike 0-2: Fly out, F7 (Flyball, 7)
|
Top of the 4th over - 0 runs, 1 hit, 0 errors, 1 left on base; Myrtle Beach 4 - Salem 0 |
BOTTOM OF THE 4TH |
Salem Misfits batting - Pitching for Myrtle Beach Mermen : LHP Risto Hannila
|
Batting: RHB Robinson Barquero
|
0-0: SINGLE (Line Drive, 8LS)
|
Batting: LHB Austin Hathaway
|
0-0: Foul Ball, location: 2F 0-1: Foul Ball, location: 2F 0-2: Foul Ball, location: 2F 0-2: Foul Ball, location: 2F 0-2: Foul Ball, location: 2F 0-2: SINGLE (Flyball, 8LS) Robinson Barquero to second
|
Batting: LHB Cris Gonzáles
|
0-0: Called Strike 0-1: TRIPLE (Line Drive, 78XD) Robinson Barquero scores Austin Hathaway scores
|
Batting: RHB Vicente Andros
|
0-0: Called Strike 0-1: Ball 1-1: Ball 2-1: Ball 3-1: Called Strike 3-2: Foul Ball, location: 2F 3-2: Base on Balls
|
Batting: RHB Paul O'Neill
|
0-0: Ball 1-0: Fly out, F7 (Line Drive, 7) Runner from 3rd tags up, SCORES, no throw
|
Batting: LHB Rodrigo Gómez
|
0-0: Ball 1-0: Ball 2-0: Fielders Choice at 2nd, 3-6 (Groundball, 34)
|
Batting: RHB Ryan Fiore
|
0-0: Ball 1-0: Ball 2-0: Ball 3-0: Called Strike 3-1: Foul Ball, location: 2F 3-2: SINGLE (Groundball, 6MD) Rodrigo Gómez to second Rodrigo Gómez to third
|
Batting: LHB Tyler Knopp
|
0-0: Called Strike 0-1: Ball 1-1: Ball 2-1: Fly out, F5 (Popup, 5SF)
|
Bottom of the 4th over - 3 runs, 4 hits, 0 errors, 2 left on base; Myrtle Beach 4 - Salem 3 |
TOP OF THE 5TH |
Myrtle Beach Mermen batting - Pitching for Salem Misfits : RHP Fernando Villarreal
|
Batting: RHB Éric Leroux
|
0-0: Ball 1-0: Foul Ball, location: 2F 1-1: Foul Ball, location: 2F 1-2: Ball 2-2: Foul Ball, location: 2F 2-2: Fly out, F4 (Flyball, 34D)
|
Batting: LHB Shigenobu Ohayashi
|
0-0: Swinging Strike 0-1: Foul Ball, location: 2F 0-2: Foul Ball, location: 2F 0-2: Fly out, F8 (Flyball, 8LD)
|
Batting: RHB Scott Zijm
|
0-0: Ball 1-0: Foul Ball, location: 2F 1-1: SINGLE (Line Drive, 56D)
|
Batting: RHB John O'Neil
|
0-0: Ball 1-0: Called Strike 1-1: Ball 2-1: Foul Ball, location: 2F 2-2: Strikes out swinging
|
Top of the 5th over - 0 runs, 1 hit, 0 errors, 1 left on base; Myrtle Beach 4 - Salem 3 |
BOTTOM OF THE 5TH |
Salem Misfits batting - Pitching for Myrtle Beach Mermen : LHP Risto Hannila
|
Batting: LHB José Cuervo
|
0-0: Called Strike 0-1: Foul Ball, location: 2F 0-2: Foul Ball, location: 2F 0-2: Ball 1-2: Ball 2-2: Foul Ball, location: 2F 2-2: Ball 3-2: Foul Ball, location: 2F 3-2: Fly out, F9 (Flyball, 89S)
|
Batting: RHB Robinson Barquero
|
0-0: SINGLE (Flyball, 9S)
|
Batting: LHB Austin Hathaway
|
0-0: Ball Robinson Barquero is caught stealing 2nd base 1-0: Called Strike 1-1: Foul Ball, location: 2F 1-2: Foul Ball, location: 2F 1-2: Strikes out swinging
|
Bottom of the 5th over - 0 runs, 1 hit, 0 errors, 0 left on base; Myrtle Beach 4 - Salem 3 |
TOP OF THE 6TH |
Myrtle Beach Mermen batting - Pitching for Salem Misfits : RHP Fernando Villarreal
|
Batting: RHB Maik Palen
|
0-0: Foul Ball, location: 2F 0-1: Ball 1-1: Called Strike 1-2: Ball 2-2: Fly out, F8 (Flyball, 89D)
|
Batting: RHB Elijah Seymour
|
0-0: Called Strike 0-1: Foul Ball, location: 2F 0-2: Foul Ball, location: 2F 0-2: Strikes out swinging
|
Batting: RHB David Meléndez
|
0-0: Ball 1-0: Foul Ball, location: 2F 1-1: Foul Ball, location: 2F 1-2: Foul Ball, location: 2F 1-2: Foul Ball, location: 2F 1-2: Fly out, F4 (Popup, 4MS)
|
Top of the 6th over - 0 runs, 0 hits, 0 errors, 0 left on base; Myrtle Beach 4 - Salem 3 |
BOTTOM OF THE 6TH |
Salem Misfits batting - Pitching for Myrtle Beach Mermen : LHP Risto Hannila
|
Batting: LHB Cris Gonzáles
|
0-0: Foul Ball, location: 2F 0-1: Foul Ball, location: 2F 0-2: Foul Ball, location: 2F 0-2: Fly out, F7 (Flyball, 78S)
|
Now in LF: Maikel Cobblepot
|
|
Batting: RHB Vicente Andros
|
0-0: Swinging Strike 0-1: Fly out, F7 (Flyball, 7S)
|
Batting: RHB Paul O'Neill
|
0-0: Called Strike 0-1: TRIPLE (Line Drive, 8RXD)
|
Batting: LHB Rodrigo Gómez
|
0-0: Ball 1-0: Ball 2-0: Ball 3-0: Ground out 1-3 (Groundball, 13S)
|
Bottom of the 6th over - 0 runs, 1 hit, 0 errors, 1 left on base; Myrtle Beach 4 - Salem 3 |
TOP OF THE 7TH |
Myrtle Beach Mermen batting - Pitching for Salem Misfits : RHP Fernando Villarreal
|
Batting: LHB Ramón Flores
|
0-0: Ball 1-0: Foul Ball, location: 2F 1-1: Ball 2-1: Called Strike 2-2: Foul Ball, location: 2F 2-2: SINGLE (Line Drive, 9S)
|
Batting: RHB Carlos González
|
0-0: Ball Ramón Flores is caught stealing 2nd base 1-0: Called Strike 1-1: SINGLE (Groundball, 4MD)
|
Pitching: RHP Kelly Henry
|
|
Batting: RHB Éric Leroux
|
0-0: Ground out 6-3 (Groundball, 6S) Carlos González to second
|
Batting: LHB Shigenobu Ohayashi
|
0-0: Foul Ball, location: 2F 0-1: Ball Wild Pitch! Carlos González to third 1-1: Foul Ball, location: 2F 1-2: Foul Ball, location: 2F 1-2: Ball 2-2: Ball 3-2: Fly out, F8 (Flyball, 8LM)
|
Top of the 7th over - 0 runs, 2 hits, 0 errors, 1 left on base; Myrtle Beach 4 - Salem 3 |
BOTTOM OF THE 7TH |
Salem Misfits batting - Pitching for Myrtle Beach Mermen : LHP Risto Hannila
|
Batting: RHB Ryan Fiore
|
0-0: Ball 1-0: Ball 2-0: Foul Ball, location: 2F 2-1: Called Strike 2-2: Ball 3-2: Ground out 5-3 (Groundball, 5)
|
Batting: LHB Tyler Knopp
|
0-0: Ball 1-0: Foul Ball, location: 2F 1-1: Ground out 5-3 (Groundball, 5L)
|
Batting: LHB José Cuervo
|
0-0: Ball 1-0: Ground out 4-3 (Groundball, 4)
|
Bottom of the 7th over - 0 runs, 0 hits, 0 errors, 0 left on base; Myrtle Beach 4 - Salem 3 |
TOP OF THE 8TH |
Myrtle Beach Mermen batting - Pitching for Salem Misfits : RHP Kelly Henry
|
Batting: RHB Maikel Cobblepot
|
0-0: Called Strike 0-1: Ball 1-1: Fly out, F9 (Flyball, 89S)
|
Batting: RHB John O'Neil
|
0-0: Called Strike 0-1: Called Strike 0-2: Ball 1-2: Foul Ball, location: 2F 1-2: Ground out 4-3 (Groundball, 34)
|
Batting: RHB Maik Palen
|
0-0: Ball 1-0: Ground out 4-3 (Groundball, 4D)
|
Top of the 8th over - 0 runs, 0 hits, 0 errors, 0 left on base; Myrtle Beach 4 - Salem 3 |
BOTTOM OF THE 8TH |
Salem Misfits batting - Pitching for Myrtle Beach Mermen : LHP Risto Hannila
|
Batting: RHB Robinson Barquero
|
0-0: Called Strike 0-1: Ball 1-1: Ball 2-1: Fly out, F5 (Popup, 6S)
|
Pitching: LHP Luis Vega
|
|
Batting: LHB Austin Hathaway
|
0-0: Ball 1-0: Ball 2-0: Called Strike 2-1: Fly out, F2 (Popup, 2L)
|
Batting: LHB Cris Gonzáles
|
0-0: Swinging Strike 0-1: Foul Ball, location: 2F 0-2: Ball 1-2: Strikes out swinging
|
Bottom of the 8th over - 0 runs, 0 hits, 0 errors, 0 left on base; Myrtle Beach 4 - Salem 3 |
TOP OF THE 9TH |
Myrtle Beach Mermen batting - Pitching for Salem Misfits : RHP Kelly Henry
|
Batting: RHB Elijah Seymour
|
0-0: Ball 1-0: Swinging Strike 1-1: Swinging Strike 1-2: Strikes out swinging
|
Batting: RHB David Meléndez
|
0-0: Foul Ball, location: 2F 0-1: Ground out 6-3 (Groundball, 6)
|
Batting: LHB Ramón Flores
|
0-0: Ball 1-0: Ground out U3 (Groundball, 3L)
|
Top of the 9th over - 0 runs, 0 hits, 0 errors, 0 left on base; Myrtle Beach 4 - Salem 3 |
BOTTOM OF THE 9TH |
Salem Misfits batting - Pitching for Myrtle Beach Mermen : LHP Luis Vega
|
Pitching: LHP Guus Ketting
|
|
Batting: RHB Vicente Andros
|
0-0: Ball 1-0: Ground out 6-3 (Groundball, 6)
|
Batting: RHB Paul O'Neill
|
0-0: Ball 1-0: Ball 2-0: Ball 3-0: Base on Balls
|
Batting: LHB Rodrigo Gómez
|
0-0: Ball 1-0: Called Strike 1-1: Called Strike 1-2: Strikes out looking
|
Batting: RHB Ryan Fiore
|
0-0: Ball 1-0: Called Strike 1-1: Fielders Choice at 2nd, 5-4 (Groundball, 56)
|
Bottom of the 9th over - 0 runs, 0 hits, 0 errors, 1 left on base; Myrtle Beach 4 - Salem 3 |
|